 Dungeon Crawl Stone Soup version 0.25-a0-591-g2ad0d86 (webtiles) character file.

Game seed: 17800325578876048341, levelgen mode: deterministic

56514 Faca the Whirler (level 15, 0/109 HPs)
             Began as a Halfling Hunter on Mar 14, 2020.
             Was a High Priest of Okawaru.
             Slain by Jorgrun
             ... wielding a +0 vorpal quarterstaff
              (8 damage)
             ... while petrified by Jorgrun
             ... on level 1 of the Orcish Mines.
             The game lasted 01:13:43 (33130 turns).

Faca the Whirler (Halfling Hunter)                 Turns: 33130, Time: 01:13:43

Health: 0/109      AC: 19    Str: 18    XL:     15   Next: 22%
Magic:  18/18      EV:  0    Int:  9    God:    Okawaru [*****.]
Gold:   1838       SH:  0    Dex: 17    Spells: 14/14 levels left

rFire    . . .     SeeInvis +   B - +0 fustibalus (venom)
rCold    . . .     Gourm    .   t - +1 buckler
rNeg     + + +     Faith    .   I - +2 scale mail {rPois}
rPois    ∞         Spirit   .   (no helmet)
rElec    .         Reflect  .   w - +0 cloak
rCorr    .         Harm     .   n - +0 pair of gloves
MR       +....                  c - +2 pair of boots {Fly}
Stlth    ++........             (no amulet)
HPRegen  0.28/turn              y - ring of see invisible
MPRegen  0.16/turn              (no ring)

@: petrified, heroism, grasped by roots, constricted
A: small, mutation resistance 1
a: Heroism, Finesse, Renounce Religion, Evoke Flight


You were on level 1 of the Orcish Mines.
You worshipped Okawaru.
Okawaru was extremely pleased with you.
You were not hungry.

You visited 4 branches of the dungeon, and saw 20 of its levels.
You also visited: Ossuary and Bailey.

You collected 1838 gold pieces.

Inventory:

Hand Weapons
 u - the +3 dagger of Afig Vos {drain, +Blink rPois}
   (You found it on level 5 of the Dungeon)

   A truly terrible weapon, it drains the life of those it strikes.
   It protects you from poison.
   It lets you blink.
 B - a +0 fustibalus of venom (weapon)
Missiles
 d - 285 sling bullets
 k - 230 stones (quivered)
 m - 56 poisoned darts
 N - 4 javelins
Armour
 c - a +2 pair of boots of flying (worn)
 n - a +0 pair of gloves (worn)
 t - a +1 buckler (worn)
 w - a +0 cloak (worn)
 I - a +2 scale mail of poison resistance (worn)
Jewellery
 y - a ring of see invisible (left hand)
 K - an uncursed ring of stealth
Wands
 g - a wand of acid (5)
 j - a wand of enslavement (11)
 v - a wand of flame (40)
 G - a wand of paralysis (20)
 L - a wand of disintegration (17)
Scrolls
 a - 2 scrolls of fear
 e - 3 scrolls of teleportation
 i - 2 scrolls of immolation
 o - 8 scrolls of remove curse
 x - 3 scrolls of enchant armour
 z - a scroll of torment
 H - a scroll of fog
 J - a scroll of enchant weapon
Potions
 b - 4 potions of might
 h - 5 potions of flight
 l - 2 potions of haste
 p - 5 potions of invisibility
 q - 2 potions of ambrosia
 r - 5 potions of curing
 s - a potion of experience {unknown}
 A - a potion of lignification
 C - 4 potions of mutation
 D - 3 potions of berserk rage
 E - a potion of resistance
 M - a potion of stabbing
 O - a potion of cancellation {unknown}
Comestibles
 f - 27 rations
 F - 3 chunks of flesh


   Skills:
 + Level 12.5(17.5) Fighting
 + Level 11.7(16.7) Short Blades
 + Level 18.7(23.7) Slings
 + Level 9.9(14.9) Armour
 + Level 10.1(15.1) Dodging
 - Level 1.1(6.1) Stealth
 + Level 2.3(7.3) Shields
 - Level 5.0 Invocations


You had 14 spell levels left.
You didn't know any spells.
Your spell library contained the following spells:

 Spells                   Type           Power        Failure   Level  Hunger
 Animate Skeleton         Necr           N/A          67%         1    ##.....
 Apportation              Tloc           #.....       67%         1    ##.....
 Beastly Appendage        Tmut           #.....       67%         1    ##.....
 Corona                   Hex            #......      67%         1    ##.....
 Summon Butterflies       Summ           #.......     67%         1    ##.....
 Summon Small Mammal      Summ           #...         67%         1    ##.....
 Blink                    Tloc           N/A          80%         2    ###....
 Call Imp                 Summ           #.......     80%         2    ###....
 Shroud of Golubria       Chrm/Tloc      #.....       80%         2    ###....
 Sticks to Snakes         Tmut           #.......     80%         2    ###....
 Gell's Gravitas          Tloc           #.........   95%         3    ####...
 Lesser Beckoning         Tloc           #.........   95%         3    ####...
 Spider Form              Tmut/Pois      #.........   95%         3    ####...
 Teleport Other           Tloc           #.......     95%         3    ####...
 Tukima's Dance           Hex            #.......     95%         3    ####...
 Cause Fear               Hex            #.........   100%        4    #####..
 Ice Form                 Ice/Tmut       #.......     100%        4    #####..
 Passage of Golubria      Tloc           N/A          100%        4    #####..
 Alistair's Intoxication  Tmut/Pois      #.......     100%        5    ######.
 Blade Hands              Tmut           #.........   100%        5    ######.
 Silence                  Hex/Air        #.........   100%        5    ######.
 Summon Demon             Summ           #.........   100%        5    ######.
 Yara's Violent Unravell  Hex/Tmut       #.........   100%        5    ######.
 Deflect Missiles         Chrm/Air       #.........   100%        6    #######
 Invisibility             Hex            #.......     100%        6    #######
 Starburst                Conj/Fire      #.........   100%        6    #######
 Orb of Destruction       Conj           #.........   100%        7    #######
 Discord                  Hex            #.........   100%        8    #######


Dungeon Overview and Level Annotations

Branches:
Dungeon (11/15)            Temple (1/1) D:5            Lair (6/6) D:11
  Swamp (0/4) Lair:2       Spider (0/4) Lair:3        Slime (0/5) Lair:6
    Orc (2/2) D:10        Ossuary (visited)          Bailey (visited)
    Elf: Orc:2

Altars:
Ashenzari
Cheibriados
Dithmenos
Elyvilon
Fedhas
Gozag
Makhleb
Nemelex Xobeh
Okawaru
Qazlal
Sif Muna
Trog
Uskayaw
Wu Jian
Xom
Yredelemnul
The Shining One
Beogh
Jiyva

Shops:
D:4 *   D:8 ?   Orc:1 ?

Annotations:
D:4 3 runed translucent doors, MinDuChiJDG's ghost, weakling DsAs
D:9 3 runed translucent doors, LordUnchemael's ghost, novice OpTm
D:10 exclusion: oklob plant
Lair:2 3 runed translucent doors, Ryter's ghost, journeyman SpEE
Lair:6 exclusion: oklob plant
Orc:1 Jorgrun


Innate Abilities, Weirdness & Mutations

You are small and have problems with some larger weapons.
You are somewhat resistant to further mutation.


Message History

The grasping roots constrict you!
Unknown command.
You feel better.
Jorgrun hits you with a +0 vorpal quarterstaff!
The grasping roots constrict you.
Your limbs are stiffening.
You feel better. Jorgrun hits you but does no damage.
The grasping roots constrict you.
Jorgrun hits you with a +0 vorpal quarterstaff.
The grasping roots constrict you.
You have turned to stone.
Jorgrun hits you with a +0 vorpal quarterstaff!
* * * LOW HITPOINT WARNING * * *
x2 The grasping roots constrict you!
Jorgrun hits you with a +0 vorpal quarterstaff!
* * * LOW HITPOINT WARNING * * *
x3 The grasping roots constrict you!
Jorgrun hits you with a +0 vorpal quarterstaff.
* * * LOW HITPOINT WARNING * * *
x2 The grasping roots constrict you!
Jorgrun hits you but does no damage.
You die...

..........#......#.##
.......#...#....###.##
#................#...#
..................#.##### #####
#.....##.#............#.####.#.##
........#.......................#
............#.#.....#.#......#.##
.#..#........∩.))....####..#####
.#...#......#.#[@g..(#.#...##
...............[)[..........#####
.......#......##.............##.#
.......#..[....#.................
..........[<....................#
............[..#........#.......#
....[....[..#......##..##.......#
#...................#.......#..##
...................##......#...#


You could see Jorgrun.

Vanquished Creatures
  Rupert (Lair:4)
  An ettin (Orc:1)
  Harold (D:8)
  2 hydras
  2 two-headed ogres
  6 death yaks
  An orc high priest (Orc:1)
  Urug (D:10)
  An unseen horror (D:8)
  2 orc knights
  2 ugly things
  A manticore (D:11)
  8 elephants (Lair:6)
  6 black mambas
  A guardian serpent (D:9)
  29 spiny frogs
  2 rime drakes
  5 komodo dragons
  A demonic crawler (Lair:3)
  4 tyrant leeches (Lair:6)
  2 trolls
  2 hornets (D:9)
  Grinder (D:3)
  5 slime creatures
  27 blink frogs
  6 dream sheep (Lair:5)
  32 yaks
  4 hippogriffs
  3 wyverns
  Grum (D:9)
  6 vampire mosquitoes
  A warg (Orc:1)
  An acid dragon (D:11)
  3 soldier ants
  9 water moccasins
  14 orc warriors
  9 porcupines
  Duvessa (D:6)
  A sky beast (D:8)
  A phantom (D:11)
  4 black bears
  2 wolves (D:9)
  6 centaurs
  8 ogres
  14 crocodiles
  2 big kobolds (D:11)
  A wyvern zombie (D:10)
  23 bullfrogs
  Dowan (D:6)
  4 scorpions
  A wyvern skeleton (D:11)
  16 killer bees
  4 wights (D:8)
  3 electric eels
  A howler monkey (D:10)
  7 crimson imps
  3 bullfrog zombies
  A centaur skeleton (D:5)
  4 hounds
  15 orc priests
  A gnoll shaman (D:8)
  3 jellies
  12 orc wizards
  A bullfrog skeleton (D:5)
  5 iguanas
  Crazy Yiuf (D:3)
  Ijyb (D:3)
  Terence (D:3)
  11 worker ants
  3 big kobold zombies (Ossuary)
  2 hound skeletons
  5 mummies (Ossuary)
  A worker ant zombie (D:6)
  27 gnolls
  9 adders
  2 shadow imps
  An adder skeleton (D:4)
  3 worms
  A dart slug (D:1)
  7 leopard geckos
  48 orcs
  A ball python (D:2)
  4 giant cockroaches
  A gnoll zombie (Ossuary)
  15 goblins
  15 hobgoblins
  9 jackals
  3 quokkas
  4 bats (D:1)
  3 frilled lizards
  A goblin zombie (Ossuary)
  A hobgoblin zombie (Ossuary)
  24 kobolds
  A kobold zombie (Ossuary)
  A leopard gecko skeleton (D:5)
  An orc zombie (Ossuary)
  7 rats
  2 fungi
  A plant (Lair:6)
565 creatures vanquished.

Vanquished Creatures (others)
  5 dream sheep (D:9)
  A bush (Lair:6)
  33 fungi
  78 plants
117 creatures vanquished.

Grand Total: 682 creatures vanquished

Notes
Turn   | Place    | Note
-------+----------+-------------------------------------------
     0 | D:1      | Faca the Halfling Hunter began the quest for the Orb.
     0 | D:1      | Reached XP level 1. HP: 14/14 MP: 1/1
   123 | D:1      | Reached skill level 6 in Slings
   193 | D:1      | Reached XP level 2. HP: 19/19 MP: 2/2
   540 | D:1      | Reached XP level 3. HP: 21/25 MP: 3/3
  1066 | D:2      | Reached skill level 1 in Short Blades
  1162 | D:2      | Reached XP level 4. HP: 18/30 MP: 4/4
  1402 | D:2      | Reached skill level 7 in Slings
  1908 | D:2      | Reached XP level 5. HP: 35/36 MP: 5/5
  2089 | D:2      | Found a basalt altar of Yredelemnul.
  2649 | D:3      | Noticed Grinder
  2732 | D:3      | Paralysed by Grinder for 6 turns
  2748 | D:3      | Paralysed by Grinder for 6 turns
  2761 | D:3      | Killed Grinder
  2761 | D:3      | Reached skill level 8 in Slings
  2761 | D:3      | Reached XP level 6. HP: 15/43 MP: 6/6
  3085 | D:3      | Noticed Terence
  3121 | D:3      | Killed Terence
  3134 | D:3      | Noticed Ijyb
  3156 | D:3      | Paralysed by Ijyb for 7 turns
  3178 | D:3      | Killed Ijyb
  3178 | D:3      | Reached XP level 7. HP: 37/48 MP: 7/7
  3521 | D:3      | Found a blossoming altar of Fedhas.
  3522 | D:3      | Found a glowing golden altar of the Shining One.
  3523 | D:3      | Found an ornate altar of the Wu Jian Council.
  3596 | D:3      | Found a runed translucent door.
  3597 | D:3      | Noticed Crazy Yiuf
  3860 | D:3      | Killed Crazy Yiuf
  4150 | D:4      | Found a hide-covered altar of Uskayaw.
  4526 | D:4      | Found an opulent altar of Gozag.
  4526 | D:4      | Found Gozag's Platinum Reserve.
  4567 | D:4      | Reached skill level 9 in Slings
  4903 | D:4      | Found a runed translucent gate.
  4903 | D:4      | Found a runed translucent gate.
  4903 | D:4      | Found a runed translucent gate.
  5024 | D:4      | Noticed MinDuChiJDG's ghost (weakling DsAs)
  5090 | D:4      | Reached skill level 5 in Short Blades
  5090 | D:4      | Reached XP level 8. HP: 54/54 MP: 8/8
  5407 | D:5      | Entered Level 5 of the Dungeon
  5414 | D:5      | Found a staircase to the Ecumenical Temple.
  5423 | Temple   | Entered the Ecumenical Temple
  5433 | Temple   | Became a worshipper of Warmaster Okawaru
  5509 | D:5      | Found a sand-covered staircase.
  5540 | D:5      | Got an ichor-stained dagger
  5573 | D:5      | Identified the +3 dagger of Afig Vos {drain, +Blink rPois}
                  | (You found it on level 5 of the Dungeon)
  5603 | Ossuary  | Entered an ossuary
  6071 | D:5      | Reached skill level 5 in Fighting
  6526 | D:5      | Found a shattered altar of Ashenzari.
  6657 | D:5      | Reached skill level 10 in Slings
  6978 | D:6      | Reached * piety under Okawaru
  7289 | D:6      | Noticed Duvessa
  7289 | D:6      | Noticed Dowan
  7309 | D:6      | Killed Duvessa
  7309 | D:6      | Reached XP level 9. HP: 62/62 MP: 9/9
  7310 | D:6      | Killed Dowan
  7432 | D:6      | Reached ** piety under Okawaru
  7722 | D:6      | Found a sparkling altar of Nemelex Xobeh.
  7796 | D:6      | Reached skill level 11 in Slings
  9334 | D:8      | Reached skill level 12 in Slings
  9344 | D:8      | Reached *** piety under Okawaru
  9344 | D:8      | Reached XP level 10. HP: 61/71 MP: 10/10
  9415 | D:8      | Found a bloodstained altar of Trog.
  9417 | D:8      | Noticed a two-headed ogre
  9563 | D:8      | Found Vajatul's Magic Scroll Emporium.
  9614 | D:8      | Killed an unseen horror
  9863 | D:8      | Killed a two-headed ogre
  9863 | D:8      | Received a gift from Okawaru
  9863 | D:8      | Reached skill level 13 in Slings
 10181 | D:8      | Reached **** piety under Okawaru
 10215 | D:8      | Reached skill level 10 in Short Blades
 10760 | D:8      | Noticed Harold
 10813 | D:8      | Killed Harold
 10813 | D:8      | Reached XP level 11. HP: 30/78 MP: 9/11
 11139 | D:8      | Reached skill level 14 in Slings
 11473 | D:8      | Noticed a purple ugly thing
 11504 | D:8      | Killed a purple ugly thing
 11991 | D:9      | Noticed Grum
 12120 | D:9      | Found a runed translucent gate.
 12120 | D:9      | Noticed LordUnchemael's ghost (novice OpTm)
 12121 | D:9      | Found a runed translucent gate.
 12152 | D:9      | Killed Grum
 12215 | D:9      | Identified the +3 scale mail of Lanyeg {rF+ MR- Str+2
                  | Slay+3}
 12216 | D:9      | Found a roughly hewn altar of Beogh.
 12216 | D:9      | Found a runed translucent gate.
 12267 | D:9      | Found a shimmering altar of Xom.
 12597 | D:9      | Paralysed by a hornet for 1 turns
 12605 | D:9      | Paralysed by a hornet for 1 turns
 12849 | D:9      | Reached skill level 15 in Slings
 12873 | D:9      | Received a gift from Okawaru
 13315 | D:10     | Entered Level 10 of the Dungeon
 13315 | D:10     | Noticed a two-headed ogre
 13379 | D:10     | Found a flagged portal.
 13394 | Bailey   | Entered a bailey
 13640 | Bailey   | Noticed an orc knight
 13666 | Bailey   | Killed an orc knight
 13952 | Bailey   | Reached skill level 1 in Armour
 14045 | D:10     | Reached skill level 1 in Shields
 14066 | D:9      | Reached skill level 10 in Fighting
 14243 | D:10     | Received a gift from Okawaru
 14525 | D:10     | Found a staircase to the Orcish Mines.
 14766 | D:10     | Killed a two-headed ogre
 14858 | D:10     | Reached ***** piety under Okawaru
 15067 | D:10     | Reached XP level 12. HP: 71/87 MP: 10/12
 15218 | D:10     | Found an opulent altar of Gozag.
 15947 | D:11     | Received a gift from Okawaru
 16463 | D:11     | Found a staircase to the Lair.
 16894 | D:11     | Reached skill level 16 in Slings
 17092 | D:11     | Reached skill level 5 in Dodging
 17334 | Lair:1   | Entered Level 1 of the Lair of Beasts
 18638 | Lair:2   | Noticed a death yak
 18638 | Lair:2   | Noticed a death yak
 18639 | Lair:2   | Noticed a death yak
 18654 | Lair:1   | Reached skill level 5 in Armour
 18721 | Lair:2   | Noticed a death yak
 18722 | Lair:2   | Noticed a death yak
 18722 | Lair:2   | Noticed a death yak
 18851 | Lair:1   | Killed a death yak
 18874 | Lair:1   | Killed a death yak
 19263 | Lair:2   | Received a gift from Okawaru
 19273 | Lair:2   | Found a runed translucent gate.
 19273 | Lair:2   | Found a runed translucent gate.
 19273 | Lair:2   | Found a runed translucent gate.
 19273 | Lair:2   | Noticed Ryter's ghost (journeyman SpEE)
 19478 | Lair:1   | Killed a death yak
 19673 | Lair:2   | Reached XP level 13. HP: 94/95 MP: 10/13
 19686 | Lair:2   | Reached skill level 1 in Invocations
 19752 | Lair:2   | Found a staircase to the Swamp.
 20082 | Lair:2   | Identified the Compendium of the Hurtful Escort
 20142 | Lair:2   | Reached skill level 17 in Slings
 20940 | Lair:3   | Received a gift from Okawaru
 21473 | Lair:3   | Found a hole to the Spider Nest.
 22420 | Lair:4   | Noticed Rupert
 22583 | Lair:4   | Paralysed by Rupert for 3 turns
 22950 | Lair:4   | Noticed a five-headed hydra
 22958 | Lair:4   | Killed a five-headed hydra
 23064 | Lair:4   | Killed Rupert
 24511 | Lair:5   | Reached skill level 5 in Invocations
 24764 | Lair:5   | Reached XP level 14. HP: 102/102 MP: 17/17
 25605 | Lair:6   | Entered Level 6 of the Lair of Beasts
 25644 | Lair:6   | Received a gift from Okawaru
 26138 | Lair:6   | Received a gift from Okawaru
 26208 | Lair:6   | Found a blossoming altar of Fedhas.
 26290 | Lair:6   | Reached skill level 18 in Slings
 26719 | Lair:6   | Received a gift from Okawaru
 27198 | Lair:6   | Received a gift from Okawaru
 27859 | Lair:6   | Received a gift from Okawaru
 29550 | Lair:6   | Found a staircase to the Slime Pits.
 29550 | Lair:6   | Found a viscous altar of Jiyva.
 29691 | Lair:6   | Reached XP level 15. HP: 91/109 MP: 18/18
 30557 | Orc:1    | Entered Level 1 of the Orcish Mines
 30557 | Orc:1    | Found Ogroihu's Magic Scroll Boutique.
 30557 | Orc:1    | Noticed Urug
 30874 | D:10     | Killed Urug
 30874 | D:10     | Reached skill level 10 in Dodging
 32003 | Orc:2    | Entered Level 2 of the Orcish Mines
 32003 | Orc:2    | Found a roughly hewn altar of Beogh.
 32003 | Orc:2    | Found a roughly hewn altar of Beogh.
 32012 | Orc:2    | Noticed Jorgrun
 32561 | Orc:1    | Received a gift from Okawaru
 33130 | Orc:1    | Slain by Jorgrun

Levels and vault maps discovered:
D:1:      lemuel_arrival_rhombus, layout_loops_ring, solitary_fountain
D:2:      layout_basic, marbit_many_paths
D:3:      layout_loops_ring, minitemple, first_ration, uniq_terence,
          uniq_grinder, uniq_crazy_yiuf_cottage, uniq_ijyb
D:4:      layout_layer_cave, eat_drink_and_be_merry_uskayaw,
          gammafunk_ghost_icy, dk_noncrumbling_3,
          nicolae_gozag_zags_fifth_avenue
D:5:      layout_gridville, cheibrodos_ashenzari_chains,
          minmay_temple_entry_wispy, enter_ossuary_1,
          chequers_serial_rivers_large_a
D:6:      layout_gridville, nemelex_xobeh_ov_fountains_minmay, uniq_duvessa
D:7:      minmay_chambers_of_fours, layout_basic
D:8:      layout_basic, serial_co_window_serial, co_window_corner_a,
          co_window_paths_a, co_window_paths_a, co_window_paths_a,
          co_window_paths_a, co_window_corner_a, co_window_paths_a,
          co_window_unsneaky_path_a, co_window_cross_2,
          co_window_unsneaky_path_e, co_window_corner_ca, glass_columns_b,
          glass_columns_c, glass_columns_b, serial_shops, shop,
          trog_ov_bears_minmay, uniq_harold
D:9:      layout_cave_pools, kb_xom_exploding_sheep, serial_glass,
          glass_columns_c, glass_columns_c, biasface_ghost_orc_armoury,
          hangedman_pestilent_swarm, nrook_guardian_serpent_double, uniq_grum
D:10:     layout_rooms, orc_0_dummy, enter_bailey_3, kennysheep_donut,
          lemuel_oklob_altar
D:11:     layout_long_grid, lair_entry_dummy, minmay_unpleasant_kobolds
Temple:   nicolae_temple_great_sept
Lair:1:   layout_cave_pods, chequers_serial_rivers_room_a
Lair:2:   layout_misc_corridors, swamp_mist, ebering_ghost_rock_garden
Lair:3:   layout_cave_pods, nicolae_spider_entry_non_spiders,
          beast_lair_carwin_1, serial_bayou_shore_a, grunt_megastairs_3
Lair:4:   layout_gridlike, infiniplex_staircase_pool_2, uniq_rupert
Lair:5:   layout_big_grid, columned_hall_lemuel, serial_bayou_pond_c
Lair:6:   minmay_lair_end_frog_pond, layout_layer_cave, slime_altar_1,
          chequers_serial_rivers_small_3, tgw_fedhas
Orc:1:    layout_caves, serial_shops, nicolae_shop_crystal, uniq_urug
Orc:2:    kennysheep_orc_mage_school, layout_caves, basic_altar, serial_shops,
          shop, mines2_david, uniq_jorgrun

Skill      XL: |  1  2  3  4  5  6  7  8  9 10 11 12 13 14 15 |
---------------+----------------------------------------------+-----
Slings         | 6 7 8 9 10 12 13 15 16 17 18 | 18.7
Fighting       | 2 3 4 5 7 8 10 11 12 | 12.5
Short Blades   | 1 2 3 5 6 8 10 11 | 11.7
Armour         | 2 6 8 9 |  9.9
Shields        | 1 2 |  2.3
Dodging        | 3 6 8 9 10 | 10.1
Invocations    | 5 |  5.0
Stealth        | |  1.1

Action                   |  1- 3 |  4- 6 |  7- 9 | 10-12 | 13-15 || total
-------------------------+-------+-------+-------+-------+-------++-------
Melee: Short sword       |    12 |       |       |       |       ||    12
       Dagger            |   134 |   169 |   537 |  1092 |   778 ||  2710
 Fire: Hunting sling     |       |    19 |   146 |   250 |       ||   415
       Fustibalus        |       |       |       |    41 |  1034 ||  1075
Throw: Dart              |       |    11 |       |    12 |       ||    23
Invok: Heroism           |       |       |     1 |    20 |    17 ||    38
       Finesse           |       |       |       |       |     1 ||     1
 Abil: Stop Flying       |       |       |       |       |     2 ||     2
       Evoke Flight      |       |       |       |       |     1 ||     1
Evoke: Wand              |       |       |       |    11 |    11 ||    22
  Use: Scroll            |     2 |     2 |    14 |     9 |    11 ||    38
       Potion            |       |       |       |    11 |     6 ||    17
 Stab: Distracted        |       |       |     1 |       |       ||     1
       Paralysed         |       |       |       |     2 |       ||     2
  Eat: Chunk             |     1 |     5 |    20 |    19 |    28 ||    73
       Ration            |       |       |       |     4 |     4 ||     8
Armor: Leather armour    |     4 |       |       |       |       ||     4
       Ring mail         |    27 |    26 |   109 |    40 |     6 ||   208
       Scale mail        |       |       |       |   223 |   262 ||   485
Dodge: Dodged            |    77 |    65 |   238 |   488 |   837 ||  1705
Block: Buckler           |       |       |    87 |   258 |   308 ||   653

Table legend:
 A = Non-vault XP
 B = Vault XP
 C = Vault XP percentage of total XP
 D = Non-vault monster count
 E = Vault monster count
 F = Vault count percentage of total count
                 A         B        C        D         E       F
            +---------+---------+-------+---------+---------+-------
      Total |   54825 |   25910 |  32.1 |     402 |     160 |  28.5
            +---------+---------+-------+---------+---------+-------
        D:1 |      47 |       0 |   0.0 |      26 |       0 |   0.0
        D:2 |     121 |       1 |   0.8 |      24 |       1 |   4.0
        D:3 |      89 |     390 |  81.4 |      14 |       4 |  22.2
        D:4 |     390 |       0 |   0.0 |      17 |       0 |   0.0
        D:5 |     378 |       0 |   0.0 |      16 |       0 |   0.0
        D:6 |     797 |     216 |  21.3 |      17 |       2 |  10.5
        D:7 |     872 |     432 |  33.1 |      15 |       6 |  28.6
        D:8 |    4183 |    1112 |  21.0 |      24 |       2 |   7.7
        D:9 |    1000 |    1719 |  63.2 |      11 |       8 |  42.1
       D:10 |    3942 |     835 |  17.5 |      44 |       5 |  10.2
       D:11 |    3221 |     194 |   5.7 |      30 |       6 |  16.7
     Lair:1 |    5546 |       0 |   0.0 |      17 |       0 |   0.0
     Lair:2 |    7467 |       0 |   0.0 |      23 |       0 |   0.0
     Lair:3 |    1921 |    2575 |  57.3 |      11 |      20 |  64.5
     Lair:4 |    1596 |    2936 |  64.8 |       5 |       1 |  16.7
     Lair:5 |    9064 |     188 |   2.0 |      38 |       1 |   2.6
     Lair:6 |    9453 |   14252 |  60.1 |      25 |      52 |  67.5
      Orc:1 |    4693 |       9 |   0.2 |      43 |       3 |   6.5
      Orc:2 |      45 |       6 |  11.8 |       2 |       2 |  50.0
    Ossuary |       0 |     175 | 100.0 |       0 |      13 | 100.0
     Bailey |       0 |     870 | 100.0 |       0 |      34 | 100.0
            +---------+---------+-------+---------+---------+-------
